 Dungeon Crawl Stone Soup version 0.17-a0-1564-g7b572aa (webtiles) character file.

9798 mrath the Blocker (level 11, -4/101 HPs)
             Began as a Minotaur Fighter on July 21, 2015.
             Was a High Priest of Okawaru.
             Slain by a sixfirhy (9 damage)
             ... on level 1 of the Abyss on July 22, 2015.
             The game lasted 01:42:30 (12125 turns).

mrath the Blocker (Minotaur Fighter)               Turns: 12125, Time: 01:42:30

Health: -4/101     AC: 17    Str: 24    XL:     11   Next: 27%
Magic:  22/22      EV:  6    Int:  5    God:    Okawaru [*****.]
Gold:   614        SH: 12    Dex: 10    Spells: 0 memorised, 10 levels left

rFire  + . .     SeeInvis .     T - +2 broad axe (chop)
rCold  . . .     Clarity  .     o - +0 plate armour
rNeg   . . .     SustAt   .     c - +0 shield
rPois  +         Gourm    .     (helmet restricted)
rElec  .         Spirit   .     Q - +0 cloak {rPois}
rCorr  .         Warding  .     u - +0 pair of gloves
rMut   .         Stasis   +     (no boots)
MR     .....                    W - amulet of stasis
Stlth  ..........               w - ring of protection from fire
                                S - ring of magical power

@: very slightly contaminated, invisible, not resistant to hostile enchantments,
extremely unstealthy
A: retaliatory headbutt, horns 2
a: Heroism, Finesse, Renounce Religion


You were on level 1 of the Abyss.
You worshipped Okawaru.
Okawaru was extremely pleased with you.
You were not hungry.

You visited 3 branches of the dungeon, and saw 12 of its levels.
You visited the Abyss 1 time.

You collected 614 gold pieces.

Inventory:

Hand weapons
 b - a +0 hammer
 i - a +4 flail
 C - a +0 blowgun
 K - a +0 dagger of venom
 P - a +4 quarterstaff of chaos
 R - a +0 war axe of freezing
 T - a +2 broad axe of chopping (weapon)
 V - a +1 mace of crushing
 X - a +6 rapier of distortion
Missiles
 a - 2 tomahawks
 n - 13 javelins (quivered)
 v - 5 curare-tipped needles
 M - 27 poisoned needles
Armour
 c - a +0 shield (worn)
 o - a +0 plate armour (worn)
 u - a +0 pair of gloves (worn)
 Q - a +0 cloak of poison resistance (worn)
Magical staves
 N - an uncursed staff of energy
Jewellery
 r - an uncursed amulet of guardian spirit
 w - a ring of protection from fire (right hand)
 E - an uncursed amulet of the gourmand
 S - a ring of magical power (left hand)
 W - an amulet of stasis (around neck)
Magical devices
 k - a wand of invisibility (4)
 x - a wand of flame (32)
 y - a wand of polymorph (6)
Scrolls
 j - a scroll of remove curse
 l - a scroll of identify
 q - 2 scrolls of teleportation
 s - a scroll of magic mapping
 D - 2 scrolls of enchant weapon
 H - 2 scrolls of recharging
 I - 2 scrolls of blinking
 U - a scroll of amnesia {unknown}
Potions
 d - 3 potions of might
 f - 2 potions of brilliance {unknown}
 g - 2 potions of invisibility
 h - a potion of curing
 t - a potion of agility {unknown}
 z - a potion of lignification {unknown}
 B - 2 potions of cure mutation {unknown}
 F - a potion of mutation {unknown}
 J - a potion of degeneration {unknown}
 O - a potion of beneficial mutation {unknown}
Books
 p - a book of Conjurations

   Spells                             Type                      Level
   a - Magic Dart                     Conjuration                  1
   b - Searing Ray                    Conjuration                  2
   c - Dazzling Spray                 Conjuration/Hexes            3
   d - Fulminant Prism                Conjuration/Hexes            4
   e - Iskenderun's Mystic Blast      Conjuration                  4
   f - Iskenderun's Battlesphere      Conjuration/Charms           5
 A - a book of Geomancy

   Spells                             Type                      Level
   a - Sandblast                      Earth                        1
   b - Stoneskin                      Transmutation/Earth          2
   c - Passwall                       Transmutation/Earth          3
   d - Stone Arrow                    Conjuration/Earth            3
   e - Petrify                        Transmutation/Earth          4
   f - Lee's Rapid Deconstruction     Earth                        5
 L - a book of the Tempests

   Spells                             Type                      Level
   a - Static Discharge               Conjuration/Air              3
   b - Lightning Bolt                 Conjuration/Air              5
   c - Fireball                       Conjuration/Fire             5
   d - Tornado                        Air                          9
   e - Shatter                        Earth                        9
Comestibles
 e - 8 bread rations
 m - 16 fruits
 G - 4 meat rations


   Skills:
 + Level 10.6 Fighting
 + Level 10.4 Axes
 + Level 1.1 Throwing
 + Level 10.4 Armour
 + Level 10.7 Shields
 + Level 5.1 Evocations


You had 10 spell levels left.
You didn't know any spells.

Dungeon Overview and Level Annotations

Branches:
Dungeon (10/15)            Temple (1/1) D:5            Lair (1/8) D:10
    Orc (0/4) D:10

Altars:
Ashenzari
Dithmenos
Elyvilon
Fedhas
Gozag
Kikubaaqudgha
Nemelex Xobeh
Okawaru
Ru
Sif Muna
Trog
Vehumet
Yredelemnul
Zin
The Shining One

Shops:
D:5 [   D:7 :


Innate Abilities, Weirdness & Mutations

You reflexively headbutt those who attack you in melee.
You have a pair of horns on your head.


Message History

You are very lightly contaminated with residual magic.
This wand has 4 charges left.
The sixfirhy hits you but does no damage.
The sixfirhy closely misses you. The sixfirhy barely misses you.
You block the sixfirhy's attack.
The sixfirhy hits you but does no damage.
You block the sixfirhy's attack. The sixfirhy barely misses you.
The sixfirhy barely misses you. You furiously retaliate!
You headbutt the sixfirhy, but do no damage.
The sixfirhy hits you but does no damage.
The sixfirhy closely misses you. You block the sixfirhy's attack.
The sixfirhy hits you.
* * * LOW HITPOINT WARNING * * *
The sixfirhy shocks you!
* * * LOW HITPOINT WARNING * * *
You block the sixfirhy's attack. The sixfirhy hits you.
* * * LOW HITPOINT WARNING * * *
The sixfirhy shocks you!
You die...

. ... .#..#.## # #.
#+##.###.###...# ...
#...........####
....#............. .
#...........#.#
#..###.......(.# ...
..#...........#.....
#....#...#.....#.# #
#...#...4@..#....#.#
.....#....#.....## #
.#..###..######## .
. #.# ..##... . ..
#.. ..# .. . .# ##.
..# # #. #.# . # #.
#


You could see a sixfirhy.

Vanquished Creatures
  A black mamba (D:10)
  A centaur zombie (D:5)
  A spiny frog (Lair:1)
  A smoke demon (Abyss:1)
  A komodo dragon (Lair:1)
  A fire drake (D:10)
  8 yaks
  A spriggan (D:7)
  A ynoxinul (Abyss:1)
  3 hippogriffs
  2 orc warriors
  4 sky beasts
  4 black bears
  An eye of draining (D:8)
  5 ice beasts
  2 water moccasins
  5 ogres
  2 necrophages
  3 phantoms (D:7)
  2 centaurs
  A crocodile (D:9)
  4 giant frogs
  A wyvern zombie (D:7)
  A gnoll sergeant (D:9)
  A brain worm (D:10)
  3 scorpions
  15 killer bees
  9 wights
  2 hounds (D:8)
  An electric eel (D:9)
  A wasp zombie (D:10)
  7 orc priests
  2 giant frog zombies (D:9)
  2 gnoll shamans (D:7)
  6 crimson imps
  Crazy Yiuf (D:7)
  5 jellies
  6 orc wizards
  3 giant frog skeletons
  Jessica (D:2)
  12 worker ants
  8 iguanas
  15 gnolls
  7 adders
  2 shadow imps (D:7)
  2 adder skeletons (D:4)
  5 worms
  8 giant geckos
  41 orcs
  A ball python (D:1)
  17 bats
  A bat zombie (D:6)
  4 giant cockroaches
  14 goblins
  17 hobgoblins
  12 jackals
  4 quokkas
  A giant gecko skeleton (D:7)
  6 giant newts
  A jackal skeleton (D:5)
  14 kobolds
  A quokka skeleton (D:4)
  2 quokka zombies
  20 rats
336 creatures vanquished.

Vanquished Creatures (others)
  A lurking horror (Abyss:1)
1 creature vanquished.

Grand Total: 337 creatures vanquished

Notes
Turn   | Place    | Note
--------------------------------------------------------------
     0 | D:1      | mrath the Minotaur Fighter began the quest for the Orb.
     0 | D:1      | Reached XP level 1. HP: 19/19 MP: 0/0
   125 | D:1      | Reached XP level 2. HP: 22/27 MP: 1/1
   129 | D:1      | Reached skill level 4 in Fighting
   489 | D:1      | Reached XP level 3. HP: 32/34 MP: 2/2
   977 | D:2      | Found a deep blue altar of Sif Muna.
  1021 | D:2      | Noticed Jessica
  1041 | D:2      | Killed Jessica
  1041 | D:2      | Reached XP level 4. HP: 18/41 MP: 3/3
  1356 | D:2      | Found a faded altar to an unknown god.
  1881 | D:3      | Reached XP level 5. HP: 47/47 MP: 4/4
  2042 | D:3      | Reached skill level 5 in Fighting
  2680 | D:4      | Found a blossoming altar of Fedhas.
  2715 | D:4      | Reached skill level 5 in Shields
  3147 | D:4      | Reached XP level 6. HP: 56/56 MP: 5/5
  3453 | D:4      | Reached skill level 5 in Armour
  3732 | D:5      | Entered Level 5 of the Dungeon
  3732 | D:5      | Found a staircase to the Ecumenical Temple.
  3741 | Temple   | Entered the Ecumenical Temple
  3902 | Temple   | Became a worshipper of Warmaster Okawaru
  3971 | D:5      | Reached skill level 5 in Axes
  4264 | D:5      | Noticed a centaur zombie
  4274 | D:5      | Killed a centaur zombie
  4274 | D:5      | Acquired Okawaru's first power
  4274 | D:5      | Reached skill level 6 in Fighting
  4274 | D:5      | Reached XP level 7. HP: 57/64 MP: 6/6
  4524 | D:5      | Reached XP level 8. HP: 19/71 MP: 7/7
  4820 | D:5      | Reached skill level 7 in Fighting
  4970 | D:5      | Found Ziesir's Antique Armour Shop.
  5034 | D:5      | Found an ancient bone altar of Kikubaaqudgha.
  5036 | D:5      | Found a basalt altar of Yredelemnul.
  5037 | D:5      | Found a shadowy altar of Dithmenos.
  6192 | D:6      | Reached skill level 8 in Fighting
  6255 | D:6      | Reached XP level 9. HP: 81/81 MP: 8/8
  7246 | D:7      | Reached skill level 1 in Evocations
  7545 | D:7      | Noticed Crazy Yiuf
  7553 | D:7      | Killed Crazy Yiuf
  7671 | D:7      | Reached skill level 9 in Fighting
  7910 | D:7      | Found Jaigig's Book Boutique.
  8182 | D:8      | Reached XP level 10. HP: 86/91 MP: 11/11
  8659 | D:8      | Acquired Okawaru's second power
  9640 | D:9      | Received a gift from Okawaru
  9877 | D:8      | Reached skill level 10 in Shields
  9944 | D:9      | Reached skill level 10 in Fighting
 10302 | D:9      | Reached skill level 10 in Armour
 10316 | D:10     | Entered Level 10 of the Dungeon
 10327 | D:9      | Reached skill level 10 in Axes
 10370 | D:10     | Reached XP level 11. HP: 33/100 MP: 13/13
 10808 | D:10     | Found a staircase to the Lair.
 11049 | D:10     | Noticed Sonja
 11051 | D:10     | Noticed Sonja
 11051 | D:10     | Sonja changed into Sonja the black mamba
 11077 | D:10     | Killed Sonja the black mamba
 11775 | D:10     | Found a staircase to the Orcish Mines.
 11881 | Lair:1   | Entered Level 1 of the Lair of Beasts
 11997 | Lair:1   | Reached skill level 5 in Evocations
 12014 | Lair:1   | Received a gift from Okawaru
 12017 | Lair:1   | Cast into the Abyss (a distortion unwield)
 12033 | Abyss:1  | Reached skill level 1 in Throwing
 12125 | Abyss:1  | HP: 5/101 [sixfirhy (6)]
 12125 | Abyss:1  | Slain by a sixfirhy

Vault maps used:
D:1:      scummos_arrival_simple_crosswalls, grunt_decor_mini_mirrors,
          hangedman_decor_lopped
D:2:      overflow_temple_1_default, ecumenical_altar_1, uniq_jessica
D:3:      first_bread
D:4:      fedhas_altar_3
D:5:      gammafunk_temple_overflow_claw, temple_statues, serial_shops,
          kennysheep_mini_moat, water_maze_lemuel
D:6:      dk_vineyard_2
D:7:      serial_shops, nicolae_shop_stone, the_bakery, hex_medium,
          uniq_crazy_yiuf_cottage
D:10:     minmay_lair_entry_lava, orc_0_dummy, uniq_sonja
Temple:   minmay_temple_curvy_14
Lair:1:   dpeg_oklob_gauntlet, uniq_nergalle
Abyss:1:  hangedman_abyss_or_decor_jellyfish_corner

Action                   |  1- 3 |  4- 6 |  7- 9 | 10-12 || total
-------------------------+-------+-------+-------+-------++-------
Melee: War axe           |    91 |   178 |   329 |   134 ||   732
       Flail             |       |       |       |    44 ||    44
       Mace              |       |       |       |    95 ||    95
       Broad axe         |       |       |       |    60 ||    60
Throw: Javelin           |       |    19 |    32 |    68 ||   119
Evoke: Wand              |       |       |     1 |     3 ||     4
  Use: Scroll            |     1 |     3 |     9 |     5 ||    18
       Potion            |       |       |       |     2 ||     2
  Eat: Chunk             |       |     9 |    10 |     9 ||    28
       Pizza             |       |     1 |       |     2 ||     3
       Beef jerky        |       |       |     2 |     1 ||     3
